 Dungeon Crawl Stone Soup version 0.21-a0-331-gfb491b4 (webtiles) character file.

32864 Hasart the Basher (level 13, -4/101 HPs)
             Began as a Demonspawn Fighter on Oct 2, 2017.
             Was an Initiate of Gozag.
             Killed from afar by a raiju (6 damage)
             ... with a living lightning
             ... on level 2 of the Abyss.
             The game lasted 00:34:49 (17905 turns).

Hasart the Basher (Demonspawn Fighter)             Turns: 17905, Time: 00:34:51

Health: -4/101     AC: 20    Str: 21    XL:     13   Next: 33%
Magic:  17/17      EV: 10    Int: 10    God:    Gozag
Gold:   1716       SH: 17    Dex: 16    Spells: 12/12 levels left

rFire    . . .     SeeInvis .   h - +3 morningstar (freeze)
rCold    + . .     Gourm    .   c - +1 shield
rNeg     . . .     Faith    .   H - +0 plate armour
rPois    .         Spirit   .   (helmet restricted)
rElec    .         Reflect  +   M - +0 cloak
rCorr    .         Harm     .   D - +1 pair of gloves {Dex+3}
MR       .....                  P - +1 pair of boots
Stlth    ..........             B - +5 amulet of reflection
HPRegen  0.26/turn              d - ring of protection from cold
MPRegen  0.15/turn              w - +1 ring of protection

@: about to teleport, gold aura, drained
A: antennae 2, nightstalker 2, spiny 2, sturdy frame 1
a: Potion Petition, Call Merchant, Bribe Branch, Renounce Religion


You were on level 2 of the Abyss.
You worshipped Gozag.
Gozag was most pleased with you.
You were not hungry.

You visited 4 branches of the dungeon, and saw 18 of its levels.
You visited the Abyss 1 time.

You collected 4525 gold pieces.
You spent 423 gold pieces at shops.
You paid 2386 gold pieces to Gozag.

Inventory:

Hand Weapons
 a - a +5 dire flail of draining
 h - a +3 morningstar of freezing (weapon)
Armour
 c - a +1 shield (worn)
 D - a +1 pair of gloves of dexterity (worn)
 H - a +0 plate armour (worn)
 M - a +0 cloak (worn)
 P - a +1 pair of boots (worn)
Jewellery
 d - a ring of protection from cold (left hand)
 w - a +1 ring of protection (right hand)
 B - a +5 amulet of reflection (around neck)
Wands
 r - a wand of disintegration (10/24)
 v - a wand of flame (23/48)
 y - a wand of paralysis (15/24)
 G - a wand of polymorph (11/24)
 L - a wand of confusion (28/48)
 Q - a wand of random effects (33/48)
Scrolls
 k - 4 scrolls of amnesia
 l - 12 scrolls of identify
 m - a scroll of immolation
 p - 9 scrolls of remove curse
 q - 2 scrolls of enchant armour
 s - a scroll of blinking
 u - 6 scrolls of teleportation
 C - 2 scrolls of recharging
 O - a scroll of fear
 S - a scroll of magic mapping
Potions
 e - a potion of invisibility {unknown}
 g - 3 potions of flight
 i - 2 potions of curing
 j - 4 potions of degeneration {unknown}
 n - a potion of ambrosia
 o - 6 potions of heal wounds
 z - 5 potions of haste {unknown}
 A - 2 potions of lignification {unknown}
 E - 2 potions of agility {unknown}
 I - 2 potions of cancellation {unknown}
 K - 2 potions of magic {unknown}
 N - 2 potions of mutation {unknown}
 T - a potion of brilliance {unknown}
Books
 F - a book of Flames

   Spells                             Type                      Level
   a - Flame Tongue                   Conjuration/Fire             1
   b - Throw Flame                    Conjuration/Fire             2
   c - Conjure Flame                  Conjuration/Fire             3
   d - Inner Flame                    Hexes/Fire                   3
   e - Sticky Flame                   Conjuration/Fire             4
   f - Fireball                       Conjuration/Fire             5
 J - a book of Misfortune

   Spells                             Type                      Level
   a - Confusing Touch                Hexes                        1
   b - Confuse                        Hexes                        3
   c - Gell's Gravitas                Translocation                3
   d - Petrify                        Transmutation/Earth          4
   e - Metabolic Englaciation         Hexes/Ice                    5
   f - Yara's Violent Unravelling     Hexes/Transmutation          5
Miscellaneous
 b - a phantom mirror
Comestibles
 f - 5 bread rations
 t - 13 meat rations


   Skills:
 + Level 9.1(8.7) Fighting
 * Level 13.0(12.5) Maces & Flails
 + Level 8.3(7.8) Armour
 + Level 7.7(7.2) Dodging
 + Level 8.4(7.9) Shields
 + Level 6.6(6.2) Evocations


You had 12 spell levels left.
You didn't know any spells.

Dungeon Overview and Level Annotations

Branches:
Dungeon (11/15)            Temple (1/1) D:4            Lair (4/6) D:10
 Spider (0/4) Lair:3          Orc (2/2) D:9
  Swamp: Lair:2-4    Shoals: Lair:2-4       Elf: Orc:2

Altars:
Ashenzari
Cheibriados
Dithmenos
Elyvilon
Fedhas
Gozag
Hepliaklqana
Kikubaaqudgha
Makhleb
Nemelex Xobeh
Okawaru
Qazlal
Ru
Sif Muna
Trog
Uskayaw
Vehumet
Wu Jian
Xom
Yredelemnul
Zin
The Shining One
Beogh

Shops:
D:8 [   Orc:1 [%%*   Lair:2 *(

Annotations:
D:5 Tungsten's ghost, amateur GnWn


Innate Abilities, Weirdness & Mutations

You have a pair of antennae on your head.
You are significantly more attuned to the shadows.
You are mostly covered in sharp spines.
Your movements are slightly less encumbered by armour. (ER -2)


Message History

You see here 3 gold pieces.
The raiju bursts into living lightning!
The living lightning misses you. The living lightning hits you!
* * * LOW HITPOINT WARNING * * *
The raiju blinks! x3
Unknown command.
The raiju bursts into living lightning!
The living lightning hits you!
* * * LOW HITPOINT WARNING * * *
The living lightning hits you!
* * * LOW HITPOINT WARNING * * *
The raiju blinks! x2
The raiju bursts into living lightning!
The living lightning hits you!
* * * LOW HITPOINT WARNING * * *
The raiju blinks!
The raiju bursts into living lightning!
The living lightning hits you!
You die...
Your body crumbles into a pile of gold.

.# #. #X##.#
####h§..#
#.......# .##.
#§@h# ....#..#.#
# #...#§#$##.#
.....#..2h§..#.
.........##....
..#.....#......
..8............
...............
.
8...8...........


You could see a green death, a large abomination and 3 raiju.

Vanquished Creatures
  An orc warlord (Orc:2)
  Fannar (D:10)
  A hydra (Lair:3)
  2 two-headed ogres (Orc:2)
  2 orc high priests (Orc:2)
  Sonja (Lair:2)
  2 ugly things (D:11)
  11 elephants
  7 spiny frogs
  3 komodo dragons
  A polar bear (Lair:3)
  4 trolls
  A raiju (Abyss:2)
  Prince Ribbit (Lair:2)
  12 blink frogs
  3 hippogriffs
  A spriggan (D:7)
  20 yaks
  2 wyverns
  2 basilisks
  2 wraiths (D:9)
  Menkaure (D:6)
  5 wargs
  A soldier ant (D:10)
  7 water moccasins
  A sky beast (D:9)
  4 porcupines
  3 ice beasts
  27 orc warriors
  14 ogres
  3 phantoms
  13 necrophages
  6 centaurs
  2 crocodiles
  2 elf zombies (D:9)
  2 big kobolds (D:11)
  4 bullfrogs
  6 scorpions
  16 killer bees (D:11)
  11 wights
  A howler monkey (D:5)
  A crimson imp (D:8)
  A bullfrog zombie (D:8)
  4 jellies
  2 quasits
  A hound (D:8)
  A centaur zombie (D:10)
  2 human zombies (D:9)
  23 orc priests
  2 centaur skeletons
  17 orc wizards
  A bullfrog skeleton (D:9)
  4 iguanas
  A human skeleton (D:9)
  8 worker ants
  2 mummies (D:9)
  3 worker ant zombies
  9 adders
  An ooze (D:4)
  An adder zombie (D:9)
  An adder skeleton (D:5)
  4 worms
  A dart slug (D:3)
  4 leopard geckos
  95 orcs
  A bat zombie (D:4)
  9 giant cockroaches
  3 goblins
  7 hobgoblins
  18 jackals
  2 quokkas
  2 ball pythons
  8 bats
  4 frilled lizards
  11 kobolds
  2 quokka zombies (D:6)
  12 rats
477 creatures vanquished.

Vanquished Creatures (others)
  10 fungi (D:11)
10 creatures vanquished.

Grand Total: 487 creatures vanquished

Notes
Turn   | Place    | Note
-------+----------+-------------------------------------------
     0 | D:1      | Hasart the Demonspawn Fighter began the quest for the Orb.
     0 | D:1      | Reached XP level 1. HP: 18/18 MP: 1/1
    94 | D:1      | Reached skill level 2 in Maces & Flails
   333 | D:1      | Gained mutation: You are slightly more attuned to the shadows. [demonic ancestry]
   333 | D:1      | Reached XP level 2. HP: 24/24 MP: 2/2
  1036 | D:2      | Reached skill level 3 in Maces & Flails
  1046 | D:2      | Reached XP level 3. HP: 12/29 MP: 3/3
  1636 | D:2      | Reached skill level 4 in Maces & Flails
  1636 | D:2      | Gained mutation: You are partially covered in sharp spines. [demonic ancestry]
  1636 | D:2      | Reached XP level 4. HP: 35/35 MP: 4/4
  1989 | D:3      | Noticed a centaur
  1997 | D:3      | Killed a centaur
  1997 | D:3      | Reached skill level 5 in Maces & Flails
  1997 | D:3      | Reached XP level 5. HP: 6/41 MP: 5/5
  2887 | D:4      | Gained mutation: Your movements are slightly less encumbered by armour. (ER -2) [demonic ancestry]
  2887 | D:4      | Reached XP level 6. HP: 43/47 MP: 6/6
  2892 | D:4      | Reached skill level 6 in Maces & Flails
  3053 | D:4      | Found a glowing golden altar of the Shining One.
  3418 | D:4      | Found an ancient bone altar of Kikubaaqudgha.
  3603 | D:4      | Found a sparkling altar of Nemelex Xobeh.
  3630 | D:4      | Found a staircase to the Ecumenical Temple.
  3638 | Temple   | Entered the Ecumenical Temple
  3710 | Temple   | Became a worshipper of Gozag Ym Sagoz the Greedy
  3788 | D:5      | Entered Level 5 of the Dungeon
  3819 | D:5      | Found a shimmering altar of Xom.
  3885 | D:5      | Noticed Tungsten's ghost (amateur GnWn)
  4184 | D:5      | Found a bloodstained altar of Trog.
  4327 | D:5      | Noticed a hippogriff
  4345 | D:5      | Killed a hippogriff
  4345 | D:5      | Reached skill level 7 in Maces & Flails
  4345 | D:5      | Gained mutation: You have a pair of small antennae on your head. [demonic ancestry]
  4345 | D:5      | Reached XP level 7. HP: 7/52 MP: 7/7
  4804 | D:6      | Found an opulent altar of Gozag.
  5077 | D:6      | Reached skill level 1 in Dodging
  5282 | D:6      | Noticed Menkaure
  5290 | D:6      | Killed Menkaure
  5290 | D:6      | Reached skill level 8 in Maces & Flails
  5290 | D:6      | Reached XP level 8. HP: 40/58 MP: 8/8
  5398 | D:6      | Found a sacrificial altar of Ru.
  5918 | D:7      | Gained mutation: You have a pair of antennae on your head. [demonic ancestry]
  5918 | D:7      | Reached XP level 9. HP: 37/63 MP: 9/9
  6037 | D:7      | Reached skill level 9 in Maces & Flails
  6362 | D:7      | Reached skill level 5 in Fighting
  6428 | D:7      | Found a glowing silver altar of Zin.
  7116 | D:8      | Found a white marble altar of Elyvilon.
  7120 | D:8      | Bought a +1 pair of gloves of dexterity for 198 gold pieces
  7158 | D:8      | Found a shimmering altar of Xom.
  7297 | D:8      | Found a radiant altar of Vehumet.
  7514 | D:8      | Reached skill level 5 in Armour
  7514 | D:8      | Reached skill level 5 in Shields
  8000 | D:8      | Found a stormy altar of Qazlal.
  8136 | D:9      | Found a blossoming altar of Fedhas.
  8328 | D:9      | Gained mutation: You are significantly more attuned to the shadows. [demonic ancestry]
  8328 | D:9      | Reached XP level 10. HP: 53/76 MP: 10/10
  8489 | D:9      | Reached skill level 10 in Maces & Flails
  8704 | D:9      | Found a basalt altar of Yredelemnul.
  8831 | D:9      | Reached skill level 1 in Evocations
  9208 | D:9      | Found a staircase to the Orcish Mines.
  9320 | D:10     | Entered Level 10 of the Dungeon
  9453 | D:10     | Found a staircase to the Lair.
  9534 | Lair:1   | Entered Level 1 of the Lair of Beasts
  9773 | D:10     | Noticed Fannar
  9810 | D:10     | Killed Fannar
  9810 | D:10     | Reached skill level 5 in Dodging
 10380 | D:11     | Identified a scroll of acquirement
 10417 | D:11     | Reached XP level 11. HP: 72/83 MP: 13/13
 10725 | D:11     | Noticed a white ugly thing
 10791 | D:11     | Reached skill level 11 in Maces & Flails
 11182 | D:11     | Noticed a red ugly thing
 11224 | D:11     | Killed a brown ugly thing
 11758 | D:11     | Killed a green ugly thing
 12715 | Lair:2   | Noticed Prince Ribbit
 13009 | Lair:2   | Killed Prince Ribbit
 13038 | Lair:2   | Bought a scroll of enchant weapon for 225 gold pieces
 13178 | Lair:2   | Gained mutation: You are mostly covered in sharp spines. [demonic ancestry]
 13178 | Lair:2   | Reached XP level 12. HP: 48/92 MP: 15/15
 13474 | Lair:2   | Noticed Sonja
 13629 | Lair:2   | Killed Sonja
 13629 | Lair:2   | Reached skill level 5 in Evocations
 14115 | Lair:2   | Reached skill level 12 in Maces & Flails
 14599 | Lair:3   | Noticed a five-headed hydra
 14609 | Lair:3   | Killed a five-headed hydra
 14946 | Lair:3   | Found a hole to the Spider Nest.
 15745 | Orc:1    | Entered Level 1 of the Orcish Mines
 15775 | Orc:1    | Found Wonidyeh's Food Boutique.
 15798 | Orc:1    | Found Xomufa's Assorted Antiques.
 15899 | Orc:1    | Found a roughly hewn altar of Beogh.
 16032 | Orc:1    | Found Estroulu's Food Emporium.
 16056 | Orc:1    | Found Vyot's Armour Emporium.
 16293 | Orc:2    | Entered Level 2 of the Orcish Mines
 16358 | Orc:2    | Noticed a two-headed ogre
 16364 | Orc:2    | Killed a two-headed ogre
 16383 | Orc:2    | Noticed a two-headed ogre
 16395 | Orc:2    | Killed a two-headed ogre
 16395 | Orc:2    | Reached XP level 13. HP: 71/100 MP: 17/17
 17361 | Orc:2    | Noticed an orc warlord
 17381 | Orc:2    | Killed an orc warlord
 17411 | Orc:2    | Found a roughly hewn altar of Beogh.
 17637 | Orc:2    | Reached skill level 13 in Maces & Flails
 17870 | Orc:2    | Cast into level 2 of the Abyss (orc high priest)
 17899 | Abyss:2  | Noticed a green death
 17905 | Abyss:2  | HP: 2/101 [raiju/living lightning (17)]
 17905 | Abyss:2  | Killed from afar by a raiju

Vault maps used:
D:1:      erik_arrival_blinker_ship
D:4:      lemuel_zombie_altar_kikubaaqudgha, nemelex_xobeh_ov_fountains_minmay,
          tso_metal_star, lemuel_temple_firewalk_b, first_bread
D:5:      lemuel_crystal_altar, kennysheep_little_box
D:6:      marbit_many_paths, nicolae_gozag_cash_rules_everything_around_me,
          uniq_menkaure
D:7:      nicolae_overflow_crystal_walls, serial_undead, serial_undead_e,
          serial_undead_c, serial_undead_e, serial_undead_a, serial_undead_f,
          serial_undead_a, serial_undead_c, serial_undead_f, serial_undead_b,
          serial_undead_d, the_bakery, st_stairs_7
D:8:      nicolae_qazlal_eye_of_the_storm, lemuel_round_altar, elyvilon_altar_3,
          xom_teletrap_fun
D:9:      lemuel_mausoleum_altar_yredelemnul, lemuel_coloured_pillars_altar,
          orc_0_dummy, evilmike_butchery
D:10:     david_lair_generic, uniq_fannar
D:11:     old_forge, lab_entry_generic, serial_co_window_serial,
          co_window_of_opportunity_a, co_window_paths_b,
          co_window_of_opportunity_a, co_window_paths_b, co_window_corner_a,
          co_window_corner_b, co_window_cross_2, co_window_corner_b,
          co_window_broadway_c, co_window_broadway_c, glass_columns_b,
          glass_columns_b, glass_columns_a, glass_columns_c, glass_columns_a,
          hangedman_abyss_or_decor_stagger
Temple:   zaba_magenta_temple
Lair:1:   serial_bayou_shore_a, lemuel_fruit_tree
Lair:2:   minmay_holes, minmay_stone_trees_small, uniq_prince_ribbit2,
          uniq_sonja
Lair:3:   spider_nest_entry_web_field
Lair:4:   cheibrodos_magma_flow, minmay_shoals_entry_hut, beast_lair_carwin_3
Orc:1:    serial_shops, nicolae_shop_stone, nicolae_shop_stone,
          nicolae_shop_trees, shop, basic_altar
Orc:2:    pubby_orc_utopia
Abyss:2:  hangedman_abyss_exit_choices

Skill      XL: |  1  2  3  4  5  6  7  8  9 10 11 12 13 |
---------------+----------------------------------------+-----
Maces & Flails | 2 3 4 5 7 8 9 10 11 12 13 | 13.0
Shields        | 3 4 5 6 7 8 |  8.4
Armour         | 3 4 5 6 7 8 |  8.3
Dodging        | 1 2 4 5 6 7 |  7.7
Fighting       | 4 5 6 7 8 9 |  9.1
Evocations     | 2 4 6 |  6.6

Action                   |  1- 3 |  4- 6 |  7- 9 | 10-12 | 13-15 || total
-------------------------+-------+-------+-------+-------+-------++-------
Melee: Flail             |   134 |   150 |   328 |    52 |       ||   664
       Morningstar       |       |       |       |   770 |   238 ||  1008
Invok: Call Merchant     |       |       |     1 |     2 |       ||     3
       Potion Petition   |       |       |     1 |       |       ||     1
  Use: Potion            |       |     4 |       |     2 |     1 ||     7
       Scroll            |       |       |    12 |     7 |     1 ||    20
 Stab: Distracted        |       |       |     1 |     6 |       ||     7
  Eat: Chunk             |     2 |     6 |       |     2 |       ||    10
       Fruit             |       |     4 |       |     4 |     2 ||    10
       Royal jelly       |       |       |     2 |       |     2 ||     4
       Meat ration       |       |       |     2 |       |       ||     2
       Bread ration      |       |       |       |     5 |       ||     5
Armor: Scale mail        |    56 |    73 |    63 |       |       ||   192
       Plate armour      |       |       |     7 |   281 |    40 ||   328
Dodge: Dodged            |    27 |    38 |    67 |   170 |    45 ||   347
Block: Shield            |    53 |    68 |   151 |   529 |   172 ||   973
       Reflection        |       |       |       |     6 |     7 ||    13

Table legend:
 A = Spawn XP
 B = Non-spawn XP
 C = Spawn XP percentage of total XP
 D = Spawn monster count
 E = Non-spawn monster count
 F = Spawn count percentage of total count
 G = Total turns spent on level
                    A         B        C        D         E        F      G
               +---------+---------+-------+---------+---------+-------+---------
         Total |     284 |   46665 |   0.6 |       1 |     476 |   0.2 | 17905
               +---------+---------+-------+---------+---------+-------+---------
           D:1 |       0 |      22 |   0.0 |       0 |      13 |   0.0 |   874
           D:2 |       0 |     120 |   0.0 |       0 |      34 |   0.0 |  1083
           D:3 |       0 |     225 |   0.0 |       0 |      30 |   0.0 |   860
           D:4 |       0 |     109 |   0.0 |       0 |       9 |   0.0 |  1238
           D:5 |       0 |     447 |   0.0 |       0 |       9 |   0.0 |   569
           D:6 |       0 |     677 |   0.0 |       0 |      19 |   0.0 |   772
           D:7 |       0 |    2675 |   0.0 |       0 |      37 |   0.0 |  1301
           D:8 |       0 |     610 |   0.0 |       0 |      15 |   0.0 |  1295
           D:9 |       0 |    2794 |   0.0 |       0 |      30 |   0.0 |  1259
          D:10 |       0 |    2770 |   0.0 |       0 |      29 |   0.0 |  1078
          D:11 |       0 |    4747 |   0.0 |       0 |      52 |   0.0 |  1438
        Lair:1 |       0 |    5177 |   0.0 |       0 |      23 |   0.0 |  1356
        Lair:2 |       0 |    6359 |   0.0 |       0 |      21 |   0.0 |  1217
        Lair:3 |       0 |    6029 |   0.0 |       0 |      17 |   0.0 |  1234
        Lair:4 |       0 |    1547 |   0.0 |       0 |       5 |   0.0 |    85
         Orc:1 |       0 |    2066 |   0.0 |       0 |      31 |   0.0 |   548
         Orc:2 |       0 |   10291 |   0.0 |       0 |     102 |   0.0 |  1577
       Abyss:2 |     284 |       0 | 100.0 |       1 |       0 | 100.0 |    35
               +---------+---------+-------+---------+---------+-------+---------
